 Dungeon Crawl Stone Soup version 0.30-a0-159-g068b764562 (webtiles) character file.

Game seed: 15888910857452466736

253 NinjaNoafa the Conjurer (level 5, -2/34 (41) HPs)
             Began as a Draconian Reaver on Sept 27, 2022.
             Slain by a goblin
             ... wielding a +0 club
             ... led by Robin
              (5 damage)
             ... on level 2 of the Dungeon.
             The game lasted 00:05:55 (1453 turns).

NinjaNoafa the Conjurer (Draconian Reaver)          Turns: 1453, Time: 00:05:56

HP:   -2/34 (41)    AC: 10    Str: 18    XL:     5   Next: 90%
MP:   7/8           EV: 12    Int: 14    God:
Gold: 37            SH:  0    Dex:  9    Spells: 7/8 levels left

rFire   . . .      SeeInvis .    h - staff of earth
rCold   . . .      Faith    .    (no shield)
rNeg    . . .      Spirit   .    (body armour unavailable)
rPois   .          Reflect  .    (helmet restricted)
rElec   .          Harm     .    m - +0 cloak
rCorr   .          Rampage  .    o - +0 pair of gloves
Will    .....                    k - +2 pair of boots
Stlth   +.........               (no amulet)
HPRegen 0.11/turn                e - +4 ring of slaying
MPRegen 0.11/turn                (no ring)

@: lethally poisoned (-2 -> -3), heavily drained
A: AC +5, unfitting armour, cold-blooded, strong 1
a: no special abilities


You were on level 2 of the Dungeon.
You visited 1 branch of the dungeon, and saw 2 of its levels.

You collected 37 gold pieces.

Inventory:

Hand Weapons
 a - a +0 hand axe
Missiles
 d - 24 stones
 q - 5 javelins
 t - 3 poisoned darts
Armour
 k - a +2 pair of boots (worn)
 m - a +0 cloak (worn)
 o - a +0 pair of gloves (worn)
Magical Staves
 h - a staff of earth (weapon)
Jewellery
 e - a +4 ring of slaying (left hand)
Wands
 u - a wand of flame (12)
 v - a wand of digging (7)
Scrolls
 c - a scroll of magic mapping {unknown}
 f - a scroll of enchant armour {unknown}
 l - a scroll of enchant weapon {unknown}
 p - a scroll of teleportation {unknown}
 r - a scroll of fear {unknown}
 s - a scroll of identify {unknown}
Potions
 g - 2 potions of curing {unknown}
 i - a potion of haste {unknown}
 j - 2 potions of heal wounds {unknown}
 n - a potion of invisibility {unknown}
 w - a potion of degeneration {unknown}


   Skills:
 - Level 2.1 Fighting
 - Level 3.0 Axes
 + Level 2.8 Staves
 - Level 1.7 Dodging
 - Level 2.0 Spellcasting
 + Level 4.8 Conjurations
 - Level 3.0 Necromancy
 - Level 0.1 Fire Magic


You had 7 spell levels left.
You knew the following spells:

 Your Spells              Type           Power      Damage    Failure   Level
a - Kiss of Death         Conj/Necr      48%        2d9       4%          1

Your spell library contained the following spells:

 Spells                   Type           Power      Damage    Failure   Level
 Volcanic Tap             Conj/Fire/Erth 18%        3d9       19%         2
 Cigotuvi's Dreadful Rot  Necr/Pois/Air  8%         N/A       24%         2
 Hailstorm                Conj/Ice       8%         3d4       26%         3
 Dispel Undead            Necr           9%         3d8       56%         4
 Death Channel            Necr           4%         N/A       100%        6


Dungeon Overview and Level Annotations

Branches:
Dungeon (2/15)

Altars:

Shops:
D:2 ::!


Innate Abilities, Weirdness & Mutations

Your plain brown scales are hard. (AC +5)
You cannot fit into any form of body armour.
You are cold-blooded and may be slowed by cold attacks.
Your muscles are strong. (Str +4, Int/Dex -1)


Message History

The hobgoblin closely misses you.
Casting: Kiss of Death (safe; 4% risk of failure)
Confirm with . or Enter, or press ? or * to list all spells.
Aiming: Kiss of Death (safe; 4% risk of failure)
Press: ? - help, Shift-Dir - straight line, f - Robin
Aim: Robin, wielding a +0 trident, wearing a +0 animal skin and wearing a +0 helmet (100% to hit)
The negative energy hits Robin!
Robin is drained!
Robin is almost dead.
You feel drained. The adder bites you but does no damage.
The goblin hits you with a +0 dagger. The goblin barely misses you.
The hobgoblin hits you but does no damage.
Robin hits you with a +0 trident.
You hit Robin.
Your tail-slap misses Robin.
Robin is almost dead.
The adder closely misses you.
The goblin hits you but does no damage. x2
The hobgoblin hits you but does no damage.
The goblin misses you. The adder bites you.
You are poisoned.
The adder poisons you!
You hit Robin.
You kill Robin!
You feel sick. The adder bites you but does no damage.
The goblin barely misses you. The goblin hits you but does no damage.
The goblin hits you with a +0 club. The goblin hits you but does no damage.
The hobgoblin hits you.
Training target 0.1 for Fire Magic reached!
You miss the adder.
You feel sick. The adder barely misses you. The goblin barely misses you.
The goblin closely misses you.
The goblin misses you. x2; The goblin hits you with a +0 club.
The hobgoblin hits you.
* * * LOW HITPOINT WARNING * * *
It was a potion of mutation.
You feel extremely strange.
You feel stronger.
You feel sick. The adder closely misses you. The goblin barely misses you.
The goblin hits you with a +0 club.
* * * LOW HITPOINT WARNING * * *
The goblin hits you with a +0 club.
* * * LOW HITPOINT WARNING * * *
The goblin hits you with a +0 club.
You die...

.. ...#.... ####.#.# ..
..#.### ###.......
.##...##. .........#####
....##..
.............####.#.#..#
.<................#.....
...............##.......
......ggg......##.##.#..
.....Kg@g).....##.##.#..
......ggS......#..#..#..
.......g.......#.##.####
#.............##. ..
##..∩..#.....###..##
############# ##


You could see an adder, a hobgoblin (strong), 7 goblins and a kobold.

Vanquished Creatures
  Sigmund (D:2)
  Robin (D:2)
  3 adders (D:2)
  2 dart slugs
  4 bats
  A giant cockroach (D:1)
  5 goblins
  5 hobgoblins
  2 jackals (D:1)
  6 kobolds
  2 quokkas
  2 ball pythons (D:1)
  4 frilled lizards (D:1)
  A rat (D:1)
39 creatures vanquished.

Notes
Turn   | Place    | Note
-------+----------+-------------------------------------------
     0 | D:1      | NinjaNoafa the Draconian Reaver began the quest for the
                  | Orb.
     0 | D:1      | Reached XP level 1. HP: 17/17 MP: 3/3
   111 | D:1      | Reached skill level 1 in Necromancy
   327 | D:1      | Reached XP level 2. HP: 24/24 MP: 5/5
   495 | D:1      | Found a faded altar of an unknown god.
   843 | D:1      | Reached XP level 3. HP: 24/29 MP: 6/6
  1016 | D:2      | Noticed Robin
  1045 | D:2      | Found Razaonoz's Book Emporium.
  1046 | D:2      | Found Xitei's Distillery.
  1077 | D:2      | Reached skill level 1 in Staves
  1147 | D:2      | Noticed Sigmund
  1165 | D:2      | Killed Sigmund
  1166 | D:2      | Reached skill level 4 in Conjurations
  1166 | D:2      | Reached XP level 4. HP: 9/36 MP: 3/7
  1166 | D:2      | Reached XP level 5. HP: 11/41 MP: 3/8
  1434 | D:2      | Found Vymiof's Book Shop.
  1451 | D:2      | Killed Robin
  1453 | D:2      | Gained mutation: Your muscles are strong. (Str +4, Int/Dex
                  | -1) [potion of mutation]
  1453 | D:2      | Slain by a goblin

Illustrated notes

Levels and vault maps discovered:
D:1:      heliophobic_arrival_glass_houses, layout_loops_ring,
          ebering_ecumenical_altar_box
D:2:      minmay_diamond_boxcup, layout_rooms, serial_shops, shop, shop, shop,
          shop, uniq_robin, uniq_sigmund

Skill      XL: |  1  2  3 |
---------------+----------+-----
Necromancy     | 1 3 |  3.0
Staves         | 2 |  2.8
Conjurations   | 4 |  4.8
Fighting       | |  2.1
Axes           | |  3.0
Dodging        | |  1.7
Spellcasting   | |  2.0
Fire Magic     | |  0.1

Action                   |  1- 3 |  4- 6 || total
-------------------------+-------+-------++-------
Melee: Hand axe          |    32 |       ||    32
       Tailslap          |    10 |     1 ||    11
       Staff             |    45 |    18 ||    63
 Cast: Kiss of Death     |     4 |     1 ||     5
Evoke: Wand              |     2 |       ||     2
  Use: Potion            |       |     1 ||     1
Armor: Skin              |    46 |    24 ||    70
Dodge: Dodged            |    77 |    31 ||   108

Table legend: (Time is in decaauts)
 A = Elapsed time spent in this place.
 B = Non-inter-level travel time spent in this place.
 C = Inter-level travel time spent in this place.
 D = Time resting spent in this place.
 E = Time spent auto-exploring this place.
 F = Levels seen in this place.
 G = Mean time per level.
                   A        B        C        D        E       F      G
               +--------+--------+--------+--------+--------+-----+--------+
         Total |   1465 |   1396 |     69 |      0 |   1032 |   2 |  732.5 |
       Dungeon |   1465 |   1396 |     69 |      0 |   1032 |   2 |  732.5 |
               +--------+--------+--------+--------+--------+-----+--------+

Top non-repeatable levels by time:
     D:1: 1051 daAuts
     D:2: 413 daAuts
